 Dungeon Crawl Stone Soup version 0.18.1-48-g4cf74bf (webtiles) character file.

65 tyranidshit the Skirmisher (level 3, 0/30 HPs)
             Began as a Demonspawn Abyssal Knight on Sept 10, 2016.
             Was a Believer of Lugonu.
             Succumbed to kobold's curare-tipped needle
             ... on level 3 of the Dungeon.
             The game lasted 00:06:00 (1726 turns).

tyranidshit the Skirmisher (DsAK)                   Turns: 1726, Time: 00:06:01

Health: 0/30       AC:  6    Str: 18 (19) XL:     3   Next: 94%
Magic:  4/4        EV:  9    Int: 15      God:    Lugonu [**....]
Gold:   108        SH:  0    Dex: 14      Spells: 0 memorised, 2 levels left

rFire  . . .     SeeInvis .     d - +1 mace of Pride {crush, rN+ Str+3 Int+2}
rCold  . . .     Gourm    .     h - +0 scale mail
rNeg   + . .     Faith    .     (no shield)
rPois  +         Spirit   .     (no helmet)
rElec  .         Dismiss  .     (no cloak)
rCorr  .         Reflect  .     (no gloves)
SustAt .         Harm     .     (no boots)
MR     .....                    (no amulet)
Stlth  ..........               w - ring of poison resistance
                                f - +3 ring of strength

@: lethally poisoned (0 -> -9), slowed, drained, very slow, not resistant to
hostile enchantments, extremely unstealthy
A: agile 1, blurry vision 1, deterioration 1, powered by pain 1
a: Depart the Abyss, Bend Space, Renounce Religion


You were on level 3 of the Dungeon.
You worshipped Lugonu.
Lugonu was pleased with you.
You were not hungry.

You visited 1 branch of the dungeon, and saw 3 of its levels.
You visited the Abyss 1 time.

You collected 108 gold pieces.

Inventory:

Hand Weapons
 a - a +2 hand axe
 d - the +1 mace of Pride (weapon) {crush, rN+ Str+3 Int+2}
   (You found it on level 2 of the Abyss)

   It inflicts extra damage upon your enemies.
   It affects your strength (+3).
   It affects your intelligence (+2).
   It protects you from negative energy.
Armour
 b - a +0 leather armour
 h - a +0 scale mail (worn)
 i - a +0 ring mail
 j - a -1 pair of gloves
Jewellery
 f - a +3 ring of strength (left hand)
 g - an uncursed amulet of harm
 n - a +3 ring of evasion
 w - a ring of poison resistance (right hand)
Wands
 o - a wand of polymorph (9/24)
Scrolls
 m - 2 scrolls of fear
 q - 3 scrolls of identify
 r - 3 scrolls of noise
Potions
 e - 3 potions of might
 p - a potion of agility
Comestibles
 c - 2 bread rations
 k - 2 meat rations
 l - a beef jerky
 t - a royal jelly


   Skills:
 + Level 3.8(2.7) Fighting
 - Level 2.0(1.0) Axes
 - Level 0.5(0.3) Maces & Flails
 - Level 2.2(1.1) Armour
 - Level 1.6(0.6) Dodging
 - Level 0.2(0.0) Stealth
 - Level 2.6(1.5) Invocations


You had 2 spell levels left.
You didn't know any spells.

Dungeon Overview and Level Annotations

Branches:
Dungeon (3/15)

Altars:
Vehumet
Xom
Zin


Innate Abilities, Weirdness & Mutations

You sometimes gain a little power by taking damage.
You are agile. (Dex +2)
Scrolls take you a little longer to read.
Your body sometimes deteriorates upon taking damage.


Message History

Okay, then.
Put on which piece of jewellery? (? for menu, Esc to quit)
You're wearing all the rings you can.
Remove which one? (? for menu, Esc to cancel) < or
f - a +3 ring of strength; > or
n - a +3 ring of evasion You remove your +3 ring of evasion.
You feel sick.
w - a ring of poison resistance (right hand)
* * * LOW HITPOINT WARNING * * *
You feel sick.
The kobold shoots a curare-tipped needle.
The curare-tipped needle hits you.
You have difficulty breathing.
* * * LOW HITPOINT WARNING * * *
You feel as though you will be slow longer.
You are too injured to fight recklessly!
* * * LOW HITPOINT WARNING * * *
You feel sick.
Unknown command.
* * * LOW HITPOINT WARNING * * *
You feel sick.
You die...

......#### .............
#........... #....#####..
#####...........
#...........##.###
#.####......##.#..
#....#......##.#.#####.
###.##.#......##@#.......
.......#.†....##.#....#..
###..#.#.........#.......
#...<#.........(.......
##.####..............K.
#..........####.#####.
#######..... .# #.#.###
## #.###


There were no monsters in sight!

Vanquished Creatures
  2 adders (D:2)
  3 orcs
  A bat (D:2)
  5 giant cockroaches (D:2)
  6 goblins
  5 hobgoblins
  4 jackals (D:2)
  4 kobolds
  A quokka (D:3)
  A ball python (D:1)
  2 giant newts (D:2)
  6 rats
40 creatures vanquished.

Notes
Turn   | Place    | Note
--------------------------------------------------------------
     0 | Abyss:1  | tyranidshit the Demonspawn Abyssal Knight began the quest for the Orb.
     0 | Abyss:1  | Reached XP level 1. HP: 18/18 MP: 2/2
    53 | Abyss:2  | Got a steaming mace
    54 | Abyss:2  | Identified the +1 mace of Pride {crush, rN+ Str+3 Int+2} (You found it on level 2 of the Abyss)
    82 | Abyss:2  | Noticed a small abomination
   109 | Abyss:3  | Noticed a tentacled starspawn
   158 | Abyss:3  | Noticed a purple draconian knight
   159 | D:1      | Escaped the Abyss
   256 | D:1      | Reached * piety under Lugonu
   525 | D:1      | Gained mutation: You sometimes gain a little power by taking damage. [demonic ancestry]
   525 | D:1      | Reached XP level 2. HP: 24/24 MP: 3/3
   882 | D:2      | Found a radiant altar of Vehumet.
   953 | D:2      | Reached skill level 1 in Dodging
   991 | D:2      | Reached XP level 3. HP: 26/30 MP: 4/4
  1144 | D:2      | Found a glowing silver altar of Zin.
  1286 | D:2      | Reached ** piety under Lugonu
  1336 | D:2      | Gained mutation: Scrolls take you a little longer to read. [potion of mutation]
  1336 | D:2      | Gained mutation: Your body sometimes deteriorates upon taking damage. [potion of mutation]
  1336 | D:2      | Gained mutation: You are agile. (Dex +2) [potion of mutation]
  1402 | D:2      | Found a shimmering altar of Xom.
  1726 | D:3      | Succumbed to kobold's curare-tipped needle

Skill      XL: |  1  2 |
---------------+-------+-----
Armour         | 2 |  2.2
Dodging        | 1 |  1.6
Axes           | 2 |  2.0
Fighting       | |  3.8
Maces & Flails | |  0.5
Stealth        | |  0.2
Invocations    | |  2.6

Action                   || total
-------------------------++-------
Melee: Mace              ||   122
Invok: Depart the Abyss  ||     1
  Use: Scroll            ||     7
       Potion            ||     6
  Eat: Bread ration      ||     1
Armor: Scale mail        ||    48
Dodge: Dodged            ||    80
